 Dungeon Crawl Stone Soup version 0.30-a0-883-g5ad918d77d (webtiles) character file.

Game seed: 2365011931948931413

185 Sanktem7 the Shield-Bearer (level 5, -1/47 HPs)
             Began as a Minotaur Fighter on Mar 17, 2023.
             Slain by a gnoll
             ... wielding a +0 flail
             ... led by a gnoll bouda
              (4 damage)
             ... on level 4 of the Dungeon.
             The game lasted 00:03:02 (2023 turns).

Sanktem7 the Shield-Bearer (Minotaur Fighter)       Turns: 2023, Time: 00:03:03

Health: -1/47      AC:  9    Str: 23    XL:     5   Next: 37%
Magic:  4/4        EV:  7    Int:  5    God:
Gold:   139        SH:  4    Dex:  9    Spells: 4/4 levels left

rFire   . . .      SeeInvis .    a - +0 war axe {axe}
rCold   . . .      Faith    .    c - +0 buckler
rNeg    . . .      Spirit   .    y - +0 chain mail
rPois   .          Reflect  .    (helmet restricted)
rElec   .          Rampage  .    (no cloak)
rCorr   .                        (no gloves)
Will    .....                    (no boots) Stlth
                                 l - amulet of regeneration {@e2}
HPRegen 1.07/turn                (no ring)
MPRegen 0.09/turn                (no ring)

@: no status effects
A: horns 2, retaliatory headbutt
a: no special abilities


You were on level 4 of the Dungeon.
You visited 1 branch of the dungeon, and saw 4 of its levels.

You collected 139 gold pieces.


Innate Abilities, Weirdness & Mutations

You have a pair of horns on your head.
You reflexively headbutt those who attack you in melee.


   Skills:
 + Level 4.6 Fighting
 * Level 4.6 Axes
 + Level 4.5 Armour
 + Level 4.6 Shields


You had 4 spell levels left.
You didn't know any spells.
Your spell library contained the following spells:

 Spells                   Type           Power      Damage    Failure   Level
 Dazzling Flash           Conj/Hex       0%         N/A       100%        3
 Inner Flame              Hex/Fire       0%         N/A       100%        3
 Tukima's Dance           Hex            0%         N/A       100%        3
 Flame Wave               Conj/Fire      0%         2d4       100%        4
 Iskenderun's Mystic Bla  Conj/Tloc      0%         2d3       100%        4
 Passage of Golubria      Tloc           0%         N/A       100%        4
 Sticky Flame             Conj/Fire      0%         2d3       100%        4
 Yara's Violent Unravell  Hex/Tmut       0%         3d3       100%        5
 Starburst                Conj/Fire      0%         6d3       100%        6

Inventory:

Hand Weapons
 a - a +0 war axe (weapon) {axe}
 o - a +1 whip of venom {mace}
   (You took it off a gnoll on level 3 of the Dungeon)
Missiles
 f - 8 poisoned darts (quivered) {throwing}
 h - 28 stones {throwing}
Armour
 b - a +0 scale mail
 c - a +0 buckler (worn)
 y - a +0 chain mail (worn)
   (You found it on level 3 of the Dungeon)
Jewellery
 l - an amulet of regeneration (around neck) {@e2}
   (You found it on level 3 of the Dungeon)
Scrolls
 e - a scroll of fog {unknown}
 j - 2 scrolls of vulnerability {unknown}
 k - a scroll of enchant weapon {unknown}
 m - 3 scrolls of teleportation {unknown}
 n - 2 scrolls of torment {unknown}
 p - 2 scrolls of noise {unknown}
 r - 3 scrolls of identify {unknown}
 v - a scroll of magic mapping {unknown}
Potions
 d - 2 potions of might
 g - a potion of mutation {unknown}
 i - a potion of flight {unknown}
 q - a potion of lignification {unknown}
 s - a potion of magic {unknown}
 t - a potion of degeneration {unknown}
 u - a potion of ambrosia {unknown}
 w - a potion of heal wounds {unknown}
 x - 2 potions of curing {unknown}

Dungeon Overview and Level Annotations

Branches:
Dungeon (4/15) Zot: 21931
 Temple: D:4-7

Altars:
Elyvilon

Shops:
D:3 (

Annotations:
D:1 1 transporter

...≈............
≈≈.≈........#.####
§§§≈.............#
§≈§≈...#.#..#.##.#
§§.≈..........#
≈§.≈...##...####.
...≈...#<.gg.....
≈≈≈≈.....gg.##..
.......##.@.#
....#.. ###.......
###.... .######
###.# ## ##


You could see a gnoll bouda and 3 gnolls.


Message History

You start resting. 😎 HP[+23]
Your hp is fully restored (41).
You climb downwards.
The gnoll bouda barks out a call to the hunt!
There is a stone staircase leading up here.
You closely miss the phantom. You headbutt the phantom!
You block the phantom's attack. The phantom closely misses you.
You hit the phantom but do no damage.
The phantom hits you but does no damage.
You hit the phantom. The phantom hits you.
The phantom blinks!
You blink. 😕 HP[-2]
You take 2 damage, and now have 39/41 hp.
You closely miss the phantom. The phantom closely misses you.
You furiously retaliate!
You headbutt the phantom! The phantom hits you.
The phantom blinks!
You blink.
You completely miss the phantom. The phantom hits you. 😕 HP[+1]
You closely miss the phantom. You closely miss the gnoll.
The phantom hits you but does no damage.
The gnoll hits you with a +0 flail.
The phantom hits you but does no damage. 😕 HP[-1]
You take 1 damage, and now have 39/41 hp.
You barely miss the phantom. You closely miss the gnoll.
The gnoll hits you with a +0 flail!
The gnoll bouda gazes fiercely through you!
You feel your attacks grow feeble. The phantom hits you.
The phantom blinks!
You blink. 😮 HP[-11]
You take 11 damage, and now have 28/41 hp.
MASSIVE DAMAGE!! (PAUSE)
You closely miss the phantom. You headbutt the phantom.
You destroy the phantom!
You have reached level 5! 😮 HP[+6] MP[+1]
You now have 47 max hp (+6).
You regained 6 hp, and now have 34/47 hp.
Your mp is fully restored (4).
The gnoll bouda barks out a call to the hunt!
The gnoll picks up the pace!
The gnoll barely misses you. You furiously retaliate!
You headbutt the gnoll. 😮 HP[+1]
You hit the gnoll. You completely miss the gnoll bouda. You slash the gnoll!
The gnoll is no longer moving quickly.
The gnoll hits you but does no damage.
The gnoll bouda hits you but does no damage.
The gnoll closely misses you. x2 😕 HP[+2]
You regained 2 hp, and now have 37/47 hp.
You hit the gnoll. Your headbutt misses the gnoll.
You barely miss the gnoll bouda. You barely miss the gnoll.
The gnoll is no longer moving quickly.
The gnoll hits you from afar with a +0 spear.
The gnoll bouda barks out a call to the hunt!
The gnolls pick up the pace!
The gnoll closely misses you. The gnoll hits you with a +0 flail.
The gnoll hits you but does no damage.
The gnoll bouda hits you with a +0 whip!
* * * LOW HITPOINT WARNING * * *
The gnoll barely misses you. The gnoll hits you with a +0 flail.
* * * LOW HITPOINT WARNING * * *
😨 HP[-20]
You take 20 damage, and now have 17/47 hp.
MASSIVE DAMAGE!! (PAUSE)
You barely miss the gnoll. You hit the gnoll.
You hit the gnoll bouda but do no damage.
You block the gnoll's attack.
The gnoll bouda hits you but does no damage.
The gnoll hits you but does no damage. The gnoll closely misses you.
You furiously retaliate!
You headbutt the gnoll. 😨 HP[+1]
You closely miss the gnoll.
You headbutt the gnoll, but do no damage.
You hit the gnoll but do no damage. You closely miss the gnoll bouda.
Your attacks no longer feel as feeble.
The gnoll hits you from afar with a +0 spear.
* * * LOW HITPOINT WARNING * * *
The gnoll bouda hits you with a +0 whip.
* * * LOW HITPOINT WARNING * * *
You block the gnoll's attack. The gnoll hits you with a +0 flail.
* * * LOW HITPOINT WARNING * * *
😱 HP[-10]
You take 10 damage, and now have 8/47 hp.
MASSIVE DAMAGE!! (PAUSE)
The gnoll attacks as you move away! The gnoll hits you with a +0 whip.
* * * LOW HITPOINT WARNING * * *
The gnoll attacks as you move away! The gnoll closely misses you.
The gnoll bouda calls upon its god to heal the gnoll.
The gnoll is healed somewhat.
The gnoll hits you from afar with a +0 spear.
* * * LOW HITPOINT WARNING * * *
😱 HP[-2]
You take 2 damage, and now have 6/47 hp.
The gnoll attacks as you move away! The gnoll hits you with a +0 whip.
* * * LOW HITPOINT WARNING * * *
The gnoll attacks as you move away! The gnoll hits you with a +0 flail.
You die...

Skill      XL: |  1  2  3  4 |
---------------+-------------+-----
Axes           | 3 4 |  4.6
Fighting       | 4 |  4.6
Shields        | 4 |  4.6
Armour         | 4 |  4.5

Action                     |  1- 3 |  4- 6 || total
---------------------------+-------+-------++-------
  Melee: War axe           |    95 |    25 ||   120
         Headbutt          |    10 |     7 ||    17
 Armour: Scale mail        |    49 |       ||    49
         Chain mail        |       |    14 ||    14
  Dodge: Dodged            |    60 |    13 ||    73
  Block: Buckler           |    19 |     6 ||    25

Levels and vault maps discovered:
D:1:      spicycebolla_arrival_risky_transporter, layout_loops_cross,
          minmay_pentomino_o2
D:2:      layout_loops_cross
D:3:      layout_rooms, mainiacjoe_overflow_alcove_1, serial_shops, shop_statue,
          nrook_mini_vaults, minmay_mini_jars
D:4:      gammafunk_wand_slinger, layout_basic,
          mainiacjoe_overflow_concentric_impassable, serial_shops,
          kennysheep_little_box, kennysheep_cluttered_room,
          uniq_crazy_yiuf_cottage

Notes
Turn   | Place    | Note
-------+----------+-------------------------------------------
     0 | D:1      | Sanktem7 the Minotaur Fighter began the quest for the Orb.
     0 | D:1      | Reached XP level 1. HP: 19/19 MP: 0/0
     0 | D:1      | magus.rc [v1.9.6]
    61 | D:1      | You pick up a book of Spectacle and begin reading...
    61 | D:1      | You add the spells Dazzling Flash, Iskenderun's Mystic
                  | Blast and Starburst to your library.
   198 | D:1      | You pick up a book of Flames and begin reading...
   198 | D:1      | You add the spells Inner Flame, Sticky Flame and Flame Wave
                  | to your library.
   223 | D:1      | Reached XP level 2. HP: 27/27 MP: 1/1
   248 | D:1      | Reached skill level 3 in Axes
   823 | D:2      | Reached skill level 4 in Fighting
   973 | D:2      | Reached skill level 4 in Shields
   973 | D:2      | Reached XP level 3. HP: 33/33 MP: 2/2
  1034 | D:2      | Reached skill level 4 in Armour
  1352 | D:3      | You add the spells Tukima's Dance, Passage of Golubria and
                  | Yara's Violent Unravelling to your library.
  1355 | D:3      | Found a white marble altar of Elyvilon.
  1644 | D:3      | Reached XP level 4. HP: 30/40 MP: 3/3
  1810 | D:3      | Reached skill level 4 in Axes
  1913 | D:3      | Found Ucavour's Weapon Shoppe.
  1971 | D:4      | Noticed a phantom
  2016 | D:4      | Killed a phantom
  2017 | D:4      | Reached XP level 5. HP: 34/47 MP: 4/4
  2021 | D:4      | HP: 8/47 [gnoll/+0 flail[a gnoll bouda] (6)]
  2023 | D:4      | HP: 3/47 [gnoll/+0 whip[a gnoll bouda] (3)]
  2023 | D:4      | Slain by a gnoll

Vanquished Creatures
  A phantom (D:4)
  An iguana (D:3)
  An adder (D:3)
  A gnoll (D:3)
  A worm (D:2)
  2 dart slugs
  An orc (D:3)
  5 bats
  3 endoplasms
  3 giant cockroaches
  4 goblins
  7 hobgoblins
  A jackal (D:3)
  4 kobolds
  5 quokkas
  4 ball pythons
  5 frilled lizards
  5 rats
54 creatures vanquished.

Table legend:
 A = Non-vault XP
 B = Vault XP
 C = Vault XP percentage of total XP
 D = Non-vault monster count
 E = Vault monster count
 F = Vault count percentage of total count
                 A         B        C        D         E       F
            +---------+---------+-------+---------+---------+-------
      Total |     243 |      22 |   8.3 |      42 |      12 |  22.2
            +---------+---------+-------+---------+---------+-------
        D:1 |      23 |       3 |  11.5 |      12 |       2 |  14.3
        D:2 |      24 |       0 |   0.0 |      14 |       0 |   0.0
        D:3 |      85 |      19 |  18.3 |      15 |      10 |  40.0
        D:4 |     111 |       0 |   0.0 |       1 |       0 |   0.0
            +---------+---------+-------+---------+---------+-------

Illustrated notes

Table legend:
 A = Kills in this place as a percentage of kills in the entire game.
 B = Kills by you in this place as a percentage of kills by you in the entire game.
 C = Kills by friends in this place as a percentage of kills by friends in the entire game.
 D = Other kills in this place as a percentage of other kills in the entire game.
 E = Experience gained in this place as a percentage of experience gained in the entire game.
 F = Experience gained in this place divided by the number of levels of this place that you have seen.
                   A       B       C       D       E      F
               +-------+-------+-------+-------+-------+----------------------
         Total | 100.0 | 100.0 |   N/A |   N/A | 100.0 |  66.2
       Dungeon | 100.0 | 100.0 |   N/A |   N/A | 100.0 |  66.2
               +-------+-------+-------+-------+-------+----------------------

Table legend: (Time is in decaauts)
 A = Elapsed time spent in this place.
 B = Non-inter-level travel time spent in this place.
 C = Inter-level travel time spent in this place.
 D = Time resting spent in this place.
 E = Time spent auto-exploring this place.
 F = Levels seen in this place.
 G = Mean time per level.
                   A        B        C        D        E       F      G
               +--------+--------+--------+--------+--------+-----+--------+
         Total |   2068 |   1995 |     73 |     22 |   1619 |   4 |  517.0 |
       Dungeon |   2068 |   1995 |     73 |     22 |   1619 |   4 |  517.0 |
               +--------+--------+--------+--------+--------+-----+--------+

Top non-repeatable levels by time:
     D:3: 782 daAuts
     D:1: 665 daAuts
     D:2: 595 daAuts
     D:4: 24 daAuts
